Sabres vs Avalanche
Created - 13 janvier 2015 at 20:38
Goals
|
| Sabres |
0 |
1 |
5 |
6 |
| Avalanche |
1 |
2 |
1 |
4 |
|
Shots
|
| Sabres |
7 |
12 |
13 |
32 |
| Avalanche |
9 |
10 |
17 |
36 |
|
1st period
1. Avalanche , Bryan Little 9 (Mike Comrie, Brian Campbell) at 8:04
Penalties :
Marc Staal (Col) for Cross-checking (Minor) at 13:07
2nd period
2. Avalanche , Andrew Ladd 8 (Maxim Talbot, Chuck Kobasew) at 1:27
3. Sabres , Derick Brassard 16 (Joni Pitkanen, Ryan Hollweg) at 9:35 (PP)
4. Avalanche , Bryan Little 10 (Rostislav Olesz) at 17:07
Penalties :
Dave Tanabe (Col) for Boarding (Minor) at 1:56, Steve Downie (Buf) for Interference (Minor) at 5:25, Dustin Byfuglien (Col) for Holding (Minor) at 8:25, Drew Doughty (Col) for Hooking (Minor) at 14:38
3rd period
5. Sabres , Steve Downie 17 (Jiri Hudler) at 2:32
6. Avalanche , Drew Doughty 9 (Dave Tanabe, Corey Perry) at 4:50 (PP)
7. Sabres , Kyle Calder 9 (Steve Downie, Jiri Hudler) at 10:35
8. Sabres , James Neal 22 (Steve Downie, Kyle Calder) at 11:24
9. Sabres , Jiri Hudler 17 (Nathan Dempsey, Kyle Calder) at 14:08
10. Sabres , Niclas Bergfors 22 (Nathan Dempsey) at 15:55 (SH)
Penalties :
Mats Sundin (Buf) for Roughing (Minor) at 4:43, Ole-Kristian Tollefsen (Buf) for Slashing (Minor) at 15:46
Goalie Stats
Nikolai Khabibulin (Buf), 32 saves from 36 shots - (0,889), W, 3-5-1, 60:00 minutes
Marty Turco (Col), 26 saves from 32 shots - (0,813), L, 8-6-0, 60:00 minutes
Players Stats for Sabres
Player Name G A P +/- PIM S H SB GA TA FO MP PP MP PK MP
------------------------------------------------------------------------------------
Derick Brassard 1 0 1 0 0 6 0 1 2 1 11/28 22:00 4:24 1:01
James Neal 1 0 1 0 0 3 1 0 0 0 0/0 13:38 0:07 0:50
Jiri Hudler 1 2 3 2 0 3 3 0 0 0 5/13 19:07 2:36 0:14
Joni Pitkanen 0 1 1 1 0 1 2 2 2 2 0/0 26:57 4:34 2:24
Kyle Calder 1 2 3 2 0 2 1 1 0 1 0/1 18:51 2:36 0:00
Mats Sundin 0 0 0 0 2 0 2 0 0 0 5/10 14:19 0:07 1:07
Michael Kostka 0 0 0 0 0 0 1 1 0 0 0/0 4:26 0:00 0:21
Nathan Dempsey 0 2 2 3 0 1 0 1 0 1 0/0 19:31 2:33 1:41
Nathan Paetsch 0 0 0 -2 0 0 0 1 0 1 0/0 9:57 0:00 0:00
Niclas Bergfors 1 0 1 0 0 4 2 0 1 0 0/2 25:06 4:24 2:14
Ole-Kristian Tollefsen 0 0 0 1 2 2 2 0 1 0 0/0 25:29 4:34 1:12
Richard Lintner 0 0 0 -2 0 0 0 0 0 0 0/0 10:48 0:00 0:51
Ryan Hollweg 0 1 1 0 0 2 2 1 0 0 3/8 24:59 4:24 2:14
Steve Downie 1 2 3 2 2 4 1 1 0 0 2/2 19:38 2:30 0:30
Todd White 0 0 0 -1 0 0 0 0 0 0 2/3 4:25 0:00 0:00
Tomas Kloucek 0 0 0 0 0 0 1 0 0 0 0/0 3:50 0:00 0:00
Tomas Kopecky 0 0 0 0 0 1 0 0 1 0 0/0 13:20 0:13 0:00
Tyler Sloan 0 0 0 3 0 3 2 0 0 1 0/0 19:31 2:33 1:41
Players Stats for Avalanche
Player Name G A P +/- PIM S H SB GA TA FO MP PP MP PK MP
------------------------------------------------------------------------------------
Andrew Ladd 1 0 1 0 0 5 2 0 0 0 2/3 12:22 0:00 3:52
Brian Campbell 0 1 1 0 0 1 1 1 0 1 0/0 20:55 2:14 0:22
Bryan Little 2 0 2 0 0 4 1 0 1 0 2/2 9:53 1:39 0:06
Chuck Kobasew 0 1 1 0 0 2 0 0 1 0 1/1 10:02 0:00 1:32
Corey Perry 0 1 1 -2 0 2 1 0 0 0 0/1 17:51 2:26 0:00
Dave Tanabe 0 1 1 0 2 2 1 0 1 1 0/0 19:54 1:51 2:38
Drew Doughty 1 0 1 -2 2 3 0 1 1 0 0/0 20:05 1:51 1:10
Dustin Byfuglien 0 0 0 0 2 1 4 0 0 0 4/5 18:36 0:03 2:24
Jack Johnson 0 0 0 0 0 3 2 0 0 0 0/0 23:27 2:14 3:32
Jason Allison 0 0 0 -2 0 2 1 1 1 0 16/27 20:23 2:23 2:00
Marc Staal 0 0 0 -2 2 0 1 1 0 1 0/0 18:25 0:00 2:17
Max Pacioretty 0 0 0 0 0 0 0 0 0 0 0/1 11:45 1:39 1:07
Maxim Talbot 0 1 1 0 0 3 0 1 0 0 1/3 8:30 0:00 0:00
Michael Rupp 0 0 0 0 0 0 2 0 0 2 1/4 19:07 0:00 3:13
Mike Comrie 0 1 1 -1 0 4 1 0 2 1 10/18 17:22 1:39 0:00
Rostislav Olesz 0 1 1 1 0 0 2 0 0 0 1/1 8:32 0:03 0:00
Ryan Smyth 0 0 0 -2 0 3 1 1 0 1 1/1 17:32 2:23 0:00
Shane O'Brien 0 0 0 0 0 1 2 2 0 0 0/0 18:08 0:00 4:15
3 Stars
1 - Jiri Hudler (Buf)
2 - Kyle Calder (Buf)
3 - Steve Downie (Buf)
Power Play
Sabres - 1 on 4 Attempt(s) - 25,00%
Avalanche - 1 on 3 Attempt(s) - 33,33%
Penalty Kill
Sabres - 2 on 3 Attempt(s) - 66,67%
- Score 1 goal in Penalty Kill
Avalanche - 3 on 4 Attempt(s) - 75,00%
- Score 0 goal in Penalty Kill
Official
Referees : Auger Stephane and Kozari Steve
Linesman : Andy McElman and Steve Barton
Game Notes
4:50 of 3rd period - Avalanche goal is going for a video replay. After video review, Goal.
Finance
Level 1 -- Attendance: 5475 (91,25%) -- Ticket Income 459 900 $
Level 2 -- Attendance: 5000 (100,00%) -- Ticket Income 250 000 $
Level 3 -- Attendance: 2000 (100,00%) -- Ticket Income 56 000 $
Level 4 -- Attendance: 3716 (92,90%) -- Ticket Income 66 888 $
Luxury Box -- Attendance: 1000 (100,00%) -- Ticket Income 167 000 $
Game was played at the Pepsi Center
Total Attendance: 17191 (95,51%)
Total Ticket Income: 999 788 $
Other Income: 149 968 $
Total Income: 1 149 756 $
Sabres
5 vs 5 Forward
Center Left Wing Right Wing Time % Phy DF OF
1 Derick Brassard Ryan Hollweg Niclas Bergfors 40 1 2 2
2 Jiri Hudler Kyle Calder Steve Downie 30 1 2 2
3 Mats Sundin James Neal Tomas Kopecky 20 1 2 2
4 Todd White Ryan Hollweg Niclas Bergfors 10 1 2 2
5 vs 5 Defense
Defense Defense Time % Phy DF OF
1 Ole-Kristian Tollefsen Joni Pitkanen 40 1 2 2
2 Nathan Dempsey Tyler Sloan 30 1 2 2
3 Nathan Paetsch Richard Lintner 20 1 2 2
4 Michael Kostka Tomas Kloucek 10 1 2 2
PowerPlay Forward
Center Left Wing Right Wing Time % Phy DF OF
1 Derick Brassard Ryan Hollweg Niclas Bergfors 60 1 2 2
2 Jiri Hudler Kyle Calder Steve Downie 40 1 2 2
PowerPlay Defense
Defense Defense Time % Phy DF OF
1 Ole-Kristian Tollefsen Joni Pitkanen 60 1 2 2
2 Nathan Dempsey Tyler Sloan 40 1 2 2
Penalty Kill 4 Players Forward
Center Wing Time % Phy DF OF
1 Ryan Hollweg Niclas Bergfors 60 1 2 2
2 Derick Brassard Steve Downie 40 1 2 2
Penalty Kill 4 Players Defense
Defense Defense Time % Phy DF OF
1 Ole-Kristian Tollefsen Joni Pitkanen 60 1 2 2
2 Nathan Dempsey Tyler Sloan 40 1 2 2
Penalty Kill - 3 Players Forward
Forward Time % Phy DF OF
1 Ryan Hollweg 60 1 2 2
2 Niclas Bergfors 40 1 2 2
Penalty Kill - 3 Players Defense
Defense Defense Time % Phy DF OF
1 Ole-Kristian Tollefsen Joni Pitkanen 60 1 2 2
2 Nathan Dempsey Tyler Sloan 40 1 2 2
4 vs 4 Forward
Center Wing Time % Phy DF OF
1 Ryan Hollweg Niclas Bergfors 60 1 2 2
2 Derick Brassard Steve Downie 40 1 2 2
4 vs 4 Defense
Defense Defense Time % Phy DF OF
1 Ole-Kristian Tollefsen Joni Pitkanen 60 1 2 2
2 Nathan Dempsey Tyler Sloan 40 1 2 2
Last Minutes Offensive
Center Left Wing Right Wing Defense Defense
Derick Brassard Ryan Hollweg Niclas Bergfors Ole-Kristian Tollefsen Joni Pitkanen
Last Minutes Defensive
Center Left Wing Right Wing Defense Defense
Derick Brassard Ryan Hollweg Niclas Bergfors Ole-Kristian Tollefsen Joni Pitkanen
Goaltenders
Starting : Nikolai Khabibulin
Backup : Michal Neuvirth
Extra Forwards
Normal : Tomas Kopecky, James Neal, Mats Sundin - PP : Tomas Kopecky, James Neal - PK : Mats Sundin
Extra Defensemen
Normal : Nathan Paetsch, Richard Lintner, Michael Kostka - PP : Nathan Paetsch - PK : Richard Lintner, Michael Kostka
Penalty Shots
Ryan Hollweg, Niclas Bergfors, Derick Brassard, Steve Downie, Jiri Hudler
Avalanche
5 vs 5 Forward
Center Left Wing Right Wing Time % Phy DF OF
1 Jason Allison Ryan Smyth Corey Perry 35 1 2 2
2 Mike Comrie Michael Rupp Dustin Byfuglien 35 1 2 2
3 Maxim Talbot Andrew Ladd Chuck Kobasew 15 1 2 2
4 Bryan Little Max Pacioretty Rostislav Olesz 15 1 2 2
5 vs 5 Defense
Defense Defense Time % Phy DF OF
1 Jack Johnson Brian Campbell 35 1 2 2
2 Marc Staal Drew Doughty 35 1 2 2
3 Dave Tanabe Shane O'Brien 30 1 2 2
4 Jack Johnson Brian Campbell 0 1 2 2
PowerPlay Forward
Center Left Wing Right Wing Time % Phy DF OF
1 Jason Allison Ryan Smyth Corey Perry 60 1 2 2
2 Mike Comrie Max Pacioretty Bryan Little 40 1 2 2
PowerPlay Defense
Defense Defense Time % Phy DF OF
1 Drew Doughty Dave Tanabe 60 1 2 2
2 Brian Campbell Jack Johnson 40 1 2 2
Penalty Kill 4 Players Forward
Center Wing Time % Phy DF OF
1 Dustin Byfuglien Michael Rupp 60 1 2 2
2 Andrew Ladd Chuck Kobasew 40 1 2 2
Penalty Kill 4 Players Defense
Defense Defense Time % Phy DF OF
1 Jack Johnson Marc Staal 60 1 2 2
2 Dave Tanabe Shane O'Brien 40 1 2 2
Penalty Kill - 3 Players Forward
Forward Time % Phy DF OF
1 Chuck Kobasew 60 1 2 2
2 Dustin Byfuglien 40 1 2 2
Penalty Kill - 3 Players Defense
Defense Defense Time % Phy DF OF
1 Jack Johnson Marc Staal 60 1 2 2
2 Dave Tanabe Shane O'Brien 40 1 2 2
4 vs 4 Forward
Center Wing Time % Phy DF OF
1 Corey Perry Jason Allison 60 1 2 2
2 Ryan Smyth Dustin Byfuglien 40 1 2 2
4 vs 4 Defense
Defense Defense Time % Phy DF OF
1 Jack Johnson Marc Staal 60 1 2 2
2 Dave Tanabe Drew Doughty 40 1 2 2
Last Minutes Offensive
Center Left Wing Right Wing Defense Defense
Jason Allison Ryan Smyth Corey Perry Drew Doughty Dave Tanabe
Last Minutes Defensive
Center Left Wing Right Wing Defense Defense
Mike Comrie Michael Rupp Chuck Kobasew Jack Johnson Marc Staal
Goaltenders
Starting : Marty Turco
Backup : Jimmy Howard
Extra Forwards
Normal : Dustin Byfuglien, Rostislav Olesz, Andrew Ladd - PP : Dustin Byfuglien, Rostislav Olesz - PK : Andrew Ladd
Extra Defensemen
Normal : Dave Tanabe, Shane O'Brien, Drew Doughty - PP : Dave Tanabe - PK : Shane O'Brien, Drew Doughty
Penalty Shots
Corey Perry, Ryan Smyth, Bryan Little, Max Pacioretty, Dave Tanabe
% Time on Ice - Sabres
Lines # - Real PCT - Wanted PCT - Time Play
Normal Forward
1 - 33% - 40% - 15:54
2 - 34% - 30% - 16:24
3 - 25% - 20% - 12:05
4 - 9% - 10% - 4:25
Normal Defense
1 - 40% - 40% - 19:44
2 - 31% - 30% - 15:17
3 - 20% - 20% - 9:57
4 - 8% - 10% - 3:50
PP Forward
1 - 62% - 60% - 4:24
2 - 38% - 40% - 2:43
PP Defense
1 - 64% - 60% - 4:34
2 - 36% - 40% - 2:33
PK Forward
1 - 75% - 60% - 3:04
2 - 25% - 40% - 1:01
PK Defense
1 - 59% - 60% - 2:24
2 - 41% - 40% - 1:41
PK3 Forward
1 - 0% - 60%
2 - 0% - 40%
PK3 Defense
1 - 0% - 60%
2 - 0% - 40%
44 Forward
1 - 0% - 60%
2 - 0% - 40%
44 Defense
1 - 0% - 60%
2 - 0% - 40%
Last Minute Offensive - 0:00
Last Minute Defensive - 0:00
Total
Forward - 60:00
Defense - 60:00
|
% Time on Ice - Avalanche
Lines # - Real PCT - Wanted PCT - Time Play
Normal Forward
1 - 34% - 35% - 16:22
2 - 33% - 35% - 15:54
3 - 17% - 15% - 8:30
4 - 16% - 15% - 8:02
Normal Defense
1 - 36% - 35% - 17:42
2 - 35% - 35% - 17:04
3 - 28% - 30% - 13:51
4 - 0% - 0% - 0:11
PP Forward
1 - 60% - 60% - 2:26
2 - 40% - 40% - 1:39
PP Defense
1 - 45% - 60% - 1:51
2 - 55% - 40% - 2:14
PK Forward
1 - 78% - 60% - 5:35
2 - 22% - 40% - 1:32
PK Defense
1 - 50% - 60% - 3:32
2 - 50% - 40% - 3:35
PK3 Forward
1 - 0% - 60%
2 - 0% - 40%
PK3 Defense
1 - 0% - 60%
2 - 0% - 40%
44 Forward
1 - 0% - 60%
2 - 0% - 40%
44 Defense
1 - 0% - 60%
2 - 0% - 40%
Last Minute Offensive - 0:00
Last Minute Defensive - 0:00
Total
Forward - 60:00
Defense - 60:00
|
Play by Play
1st period
0:01 of 1st period - Jason Allison wins face-off versus Derick Brassard in neutral zone.
0:14 of 1st period - Wrist shot by Jason Allison.
0:14 of 1st period - Shot Misses the Net.
0:16 of 1st period - Snap shot by Jack Johnson.
0:16 of 1st period - Deflect By Jason Allison.
0:16 of 1st period - Stopped by Nikolai Khabibulin without a rebound.
0:17 of 1st period - Jiri Hudler wins face-off versus Mike Comrie in Sabres zone.
0:17 of 1st period - Jiri Hudler is hit by Dustin Byfuglien.
1:16 of 1st period - Off-side.
1:17 of 1st period - Jason Allison wins face-off versus Derick Brassard in neutral zone.
1:42 of 1st period - Nathan Paetsch is hit by Dustin Byfuglien and loses puck.
2:03 of 1st period - Wrist shot by Maxim Talbot.
2:03 of 1st period - Shot Misses the Net.
2:09 of 1st period - Snap shot by Chuck Kobasew.
2:09 of 1st period - Deflect By Joni Pitkanen.
2:09 of 1st period - Stopped by Nikolai Khabibulin without a rebound.
2:10 of 1st period - Jason Allison wins face-off versus Mats Sundin in Sabres zone.
2:13 of 1st period - Snap shot by Corey Perry.
2:13 of 1st period - Shot Misses the Net.
2:21 of 1st period - Snap shot by Corey Perry.
2:21 of 1st period - Stopped by Nikolai Khabibulin with a rebound.
2:55 of 1st period - Michael Kostka is hit by Rostislav Olesz and loses puck.
3:06 of 1st period - Slapshot by Max Pacioretty.
3:06 of 1st period - Shot Blocked by Derick Brassard.
3:15 of 1st period - Brian Campbell is hit by Tomas Kloucek and loses puck.
3:43 of 1st period - Off-side.
3:44 of 1st period - Mike Comrie wins face-off versus Derick Brassard in neutral zone.
3:57 of 1st period - Snap shot by Derick Brassard.
3:57 of 1st period - Deflect By Mike Comrie.
3:57 of 1st period - Stopped by Marty Turco with a rebound.
3:59 of 1st period - Wrist shot by Derick Brassard.
3:59 of 1st period - Stopped by Marty Turco without a rebound.
4:00 of 1st period - Steve Downie wins face-off versus Jason Allison in Avalanche zone.
4:01 of 1st period - Wrist shot by Jiri Hudler.
4:01 of 1st period - Stopped by Marty Turco without a rebound.
4:02 of 1st period - Jason Allison wins face-off versus Jiri Hudler in Avalanche zone.
4:02 of 1st period - Jason Allison is hit by Tyler Sloan.
4:10 of 1st period - Snap shot by Jason Allison.
4:10 of 1st period - Shot Misses the Net.
5:30 of 1st period - Steve Downie is hit by Brian Campbell and loses puck.
6:49 of 1st period - Dave Tanabe is hit by Michael Kostka and loses puck.
6:57 of 1st period - Icing by Shane O'Brien.
6:58 of 1st period - Mats Sundin wins face-off versus Maxim Talbot in Avalanche zone.
8:04 of 1st period - Wrist shot by Bryan Little.
8:04 of 1st period - Goal by Bryan Little - Sabres : 0 - Avalanche : 1.
8:05 of 1st period - Mike Comrie wins face-off versus Derick Brassard in neutral zone.
8:16 of 1st period - Wrist shot by Mike Comrie.
8:16 of 1st period - Shot Blocked by Nathan Dempsey.
8:30 of 1st period - Drew Doughty is hit by Jiri Hudler.
8:52 of 1st period - Brian Campbell is hit by Tyler Sloan and loses puck.
9:17 of 1st period - Andrew Ladd is hit by Ryan Hollweg and loses puck.
9:41 of 1st period - Icing by Kyle Calder.
9:42 of 1st period - Jason Allison wins face-off versus Jiri Hudler in Sabres zone.
9:45 of 1st period - Snap shot by Ryan Smyth.
9:45 of 1st period - Stopped by Nikolai Khabibulin with a rebound.
9:53 of 1st period - Wrist shot by Jason Allison.
9:53 of 1st period - Shot Blocked by Steve Downie.
9:55 of 1st period - Slapshot by Drew Doughty.
9:55 of 1st period - Stopped by Nikolai Khabibulin with a rebound.
10:11 of 1st period - Dustin Byfuglien is hit by Ole-Kristian Tollefsen and loses puck.
10:34 of 1st period - Off-side.
10:35 of 1st period - Mats Sundin wins face-off versus Jason Allison in neutral zone.
10:44 of 1st period - Wrist shot by James Neal.
10:44 of 1st period - Shot Misses the Net.
11:00 of 1st period - Dustin Byfuglien is hit by Niclas Bergfors.
11:08 of 1st period - Snap shot by Brian Campbell.
11:08 of 1st period - Shot Blocked by Nathan Paetsch.
11:11 of 1st period - Icing by Nathan Paetsch.
11:12 of 1st period - Derick Brassard wins face-off versus Jason Allison in Sabres zone.
11:31 of 1st period - Snap shot by Ryan Hollweg.
11:31 of 1st period - Deflect By Niclas Bergfors.
11:31 of 1st period - Stopped by Marty Turco without a rebound.
11:32 of 1st period - Dustin Byfuglien wins face-off versus Jiri Hudler in Avalanche zone.
11:45 of 1st period - Brian Campbell is hit by Jiri Hudler and loses puck.
11:58 of 1st period - Jack Johnson is hit by James Neal and loses puck.
12:09 of 1st period - Snap shot by James Neal.
12:09 of 1st period - Stopped by Marty Turco with a rebound.
12:35 of 1st period - Snap shot by Mike Comrie.
12:35 of 1st period - Stopped by Nikolai Khabibulin with a rebound.
13:07 of 1st period - Minor Penalty to Marc Staal for Cross-checking.
13:08 of 1st period - Andrew Ladd wins face-off versus Derick Brassard in Avalanche zone.
13:12 of 1st period - Wrist shot by Shane O'Brien.
13:12 of 1st period - Stopped by Nikolai Khabibulin without a rebound.
13:13 of 1st period - Andrew Ladd wins face-off versus Derick Brassard in Sabres zone.
13:28 of 1st period - Ryan Hollweg is hit by Andrew Ladd and loses puck.
13:43 of 1st period - Snap shot by Steve Downie.
13:43 of 1st period - Shot Blocked by Shane O'Brien.
13:45 of 1st period - Snap shot by Steve Downie.
13:45 of 1st period - Stopped by Marty Turco without a rebound.
13:46 of 1st period - Dustin Byfuglien wins face-off versus Jiri Hudler in Avalanche zone.
14:05 of 1st period - Wrist shot by Ryan Hollweg.
14:05 of 1st period - Shot Misses the Net.
15:07 of 1st period - Penalty to Marc Staal is over, Marc Staal is back on ice.
15:16 of 1st period - Wrist shot by Bryan Little.
15:16 of 1st period - Shot Misses the Net.
15:24 of 1st period - Snap shot by Joni Pitkanen.
15:24 of 1st period - Stopped by Marty Turco with a rebound.
16:12 of 1st period - Michael Kostka is hit by Shane O'Brien and loses puck.
16:35 of 1st period - Steve Downie is hit by Jack Johnson and loses puck.
16:59 of 1st period - Derick Brassard is hit by Andrew Ladd and loses puck.
17:18 of 1st period - Tomas Kopecky is hit by Dustin Byfuglien.
18:17 of 1st period - Mats Sundin is hit by Corey Perry and loses puck.
18:30 of 1st period - Kyle Calder is hit by Bryan Little and loses puck.
18:53 of 1st period - Wrist shot by Michael Rupp.
18:53 of 1st period - Shot Misses the Net.
18:55 of 1st period - Snap shot by Michael Rupp.
18:55 of 1st period - Shot Blocked by Ryan Hollweg.
18:57 of 1st period - Snap shot by Jack Johnson.
18:57 of 1st period - Shot Misses the Net.
18:59 of 1st period - Slapshot by Jack Johnson.
18:59 of 1st period - Stopped by Nikolai Khabibulin without a rebound.
19:00 of 1st period - Ryan Hollweg wins face-off versus Jason Allison in Sabres zone.
19:36 of 1st period - Snap shot by Chuck Kobasew.
19:36 of 1st period - Shot Hit the Post.
Goals for this period are 0 for Sabres vs 1 for Avalanche.
Shots for this period are 7 for Sabres vs 9 for Avalanche.
2nd period
0:01 of 2nd period - Jason Allison wins face-off versus Derick Brassard in neutral zone.
0:04 of 2nd period - Slapshot by Jack Johnson.
0:04 of 2nd period - Deflect By Jason Allison.
0:04 of 2nd period - Stopped by Nikolai Khabibulin with a rebound.
0:33 of 2nd period - Snap shot by Dustin Byfuglien.
0:33 of 2nd period - Shot Misses the Net.
1:25 of 2nd period - Snap shot by Andrew Ladd.
1:25 of 2nd period - Stopped by Nikolai Khabibulin with a rebound.
1:27 of 2nd period - Snap shot by Andrew Ladd.
1:27 of 2nd period - Goal by Andrew Ladd - Sabres : 0 - Avalanche : 2.
1:28 of 2nd period - Jason Allison wins face-off versus Derick Brassard in neutral zone.
1:31 of 2nd period - Slapshot by Corey Perry.
1:31 of 2nd period - Shot Misses the Net.
1:34 of 2nd period - Icing by Ole-Kristian Tollefsen.
1:35 of 2nd period - Jason Allison wins face-off versus Derick Brassard in Sabres zone.
1:38 of 2nd period - Slapshot by Ryan Smyth.
1:38 of 2nd period - Shot Blocked by Joni Pitkanen.
1:56 of 2nd period - Minor Penalty to Dave Tanabe for Boarding.
1:57 of 2nd period - Dustin Byfuglien wins face-off versus Derick Brassard in Avalanche zone.
3:37 of 2nd period - Jiri Hudler is hit by Marc Staal.
3:56 of 2nd period - Penalty to Dave Tanabe is over, Dave Tanabe is back on ice.
4:25 of 2nd period - Icing by Dave Tanabe.
4:26 of 2nd period - Todd White wins face-off versus Jason Allison in Avalanche zone.
4:29 of 2nd period - Slapshot by Tomas Kopecky.
4:29 of 2nd period - Shot Misses the Net.
4:31 of 2nd period - Slapshot by Richard Lintner.
4:31 of 2nd period - Deflect By James Neal.
4:31 of 2nd period - Shot Blocked by Drew Doughty.
4:31 of 2nd period - Puck is out of play.
4:32 of 2nd period - Mike Comrie wins face-off versus Mats Sundin in Avalanche zone.
4:37 of 2nd period - Tomas Kopecky is hit by Michael Rupp and loses puck.
5:08 of 2nd period - Wrist shot by Derick Brassard.
5:08 of 2nd period - Stopped by Marty Turco with a rebound.
5:10 of 2nd period - Slapshot by Richard Lintner.
5:10 of 2nd period - Shot Blocked by Maxim Talbot.
5:25 of 2nd period - Minor Penalty to Steve Downie for Interference.
5:26 of 2nd period - Ryan Hollweg wins face-off versus Jason Allison in Sabres zone.
6:55 of 2nd period - Icing by Jason Allison.
6:56 of 2nd period - Jason Allison wins face-off versus Jiri Hudler in Avalanche zone.
7:01 of 2nd period - Tyler Sloan is hit by Jack Johnson and loses puck.
7:18 of 2nd period - Snap shot by Corey Perry.
7:18 of 2nd period - Shot Misses the Net.
7:25 of 2nd period - Penalty to Steve Downie is over, Steve Downie is back on ice.
7:58 of 2nd period - Wrist shot by Steve Downie.
7:58 of 2nd period - Stopped by Marty Turco with a rebound.
8:02 of 2nd period - Wrist shot by Derick Brassard.
8:02 of 2nd period - Stopped by Marty Turco with a rebound.
8:04 of 2nd period - Snap shot by Tyler Sloan.
8:04 of 2nd period - Stopped by Marty Turco with a rebound.
8:06 of 2nd period - Snap shot by Tyler Sloan.
8:06 of 2nd period - Shot Blocked by Ryan Smyth.
8:10 of 2nd period - Wrist shot by Steve Downie.
8:10 of 2nd period - Stopped by Marty Turco without a rebound.
8:11 of 2nd period - Todd White wins face-off versus Mike Comrie in Avalanche zone.
8:25 of 2nd period - Minor Penalty to Dustin Byfuglien for Holding.
8:26 of 2nd period - Derick Brassard wins face-off versus Andrew Ladd in Avalanche zone.
8:32 of 2nd period - Snap shot by Ryan Hollweg.
8:32 of 2nd period - Deflect By Derick Brassard.
8:32 of 2nd period - Shot Misses the Net.
8:32 of 2nd period - Puck is out of play.
8:33 of 2nd period - Derick Brassard wins face-off versus Michael Rupp in Avalanche zone.
9:31 of 2nd period - Snap shot by Ryan Hollweg.
9:31 of 2nd period - Stopped by Marty Turco with a rebound.
9:33 of 2nd period - Snap shot by Joni Pitkanen.
9:33 of 2nd period - Shot Misses the Net.
9:35 of 2nd period - Snap shot by Derick Brassard.
9:35 of 2nd period - Goal by Derick Brassard - Sabres : 1 - Avalanche : 2.
9:36 of 2nd period - Bryan Little wins face-off versus Jiri Hudler in neutral zone.
9:45 of 2nd period - Wrist shot by Bryan Little.
9:45 of 2nd period - Stopped by Nikolai Khabibulin with a rebound.
9:47 of 2nd period - Slapshot by Dave Tanabe.
9:47 of 2nd period - Stopped by Nikolai Khabibulin without a rebound.
9:48 of 2nd period - Jiri Hudler wins face-off versus Corey Perry in Sabres zone.
9:59 of 2nd period - Snap shot by Corey Perry.
9:59 of 2nd period - Shot Misses the Net.
10:15 of 2nd period - Slapshot by Niclas Bergfors.
10:15 of 2nd period - Shot Blocked by Shane O'Brien.
10:31 of 2nd period - Wrist shot by Mike Comrie.
10:31 of 2nd period - Stopped by Nikolai Khabibulin without a rebound.
10:32 of 2nd period - Mats Sundin wins face-off versus Mike Comrie in Sabres zone.
12:26 of 2nd period - Snap shot by Bryan Little.
12:26 of 2nd period - Stopped by Nikolai Khabibulin without a rebound.
12:27 of 2nd period - Mike Comrie wins face-off versus Todd White in Sabres zone.
13:06 of 2nd period - Kyle Calder is hit by Shane O'Brien and loses puck.
13:14 of 2nd period - Icing by Kyle Calder.
13:15 of 2nd period - Mats Sundin wins face-off versus Max Pacioretty in Sabres zone.
13:50 of 2nd period - Slapshot by Joni Pitkanen.
13:50 of 2nd period - Shot Misses the Net.
14:22 of 2nd period - Off-side.
14:23 of 2nd period - Chuck Kobasew wins face-off versus Derick Brassard in neutral zone.
14:30 of 2nd period - Snap shot by Andrew Ladd.
14:30 of 2nd period - Stopped by Nikolai Khabibulin without a rebound.
14:31 of 2nd period - Derick Brassard wins face-off versus Mike Comrie in Sabres zone.
14:36 of 2nd period - Wrist shot by Derick Brassard.
14:36 of 2nd period - Shot Misses the Net.
14:38 of 2nd period - Minor Penalty to Drew Doughty for Hooking.
14:39 of 2nd period - Derick Brassard wins face-off versus Dustin Byfuglien in Avalanche zone.
14:54 of 2nd period - Slapshot by Ryan Hollweg.
14:54 of 2nd period - Shot Blocked by Marc Staal.
16:38 of 2nd period - Penalty to Drew Doughty is over, Drew Doughty is back on ice.
16:45 of 2nd period - Dave Tanabe is hit by Ole-Kristian Tollefsen and loses puck.
16:57 of 2nd period - Off-side.
16:58 of 2nd period - Rostislav Olesz wins face-off versus Mats Sundin in neutral zone.
17:07 of 2nd period - Snap shot by Bryan Little.
17:07 of 2nd period - Goal by Bryan Little - Sabres : 1 - Avalanche : 3.
17:08 of 2nd period - Derick Brassard wins face-off versus Mike Comrie in neutral zone.
17:13 of 2nd period - Mike Comrie is hit by Joni Pitkanen and loses puck.
17:20 of 2nd period - Slapshot by Ryan Hollweg.
17:20 of 2nd period - Stopped by Marty Turco with a rebound.
17:22 of 2nd period - Slapshot by Niclas Bergfors.
17:22 of 2nd period - Deflect By Drew Doughty.
17:22 of 2nd period - Stopped by Marty Turco without a rebound.
17:23 of 2nd period - Derick Brassard wins face-off versus Jason Allison in Avalanche zone.
17:34 of 2nd period - Wrist shot by Niclas Bergfors.
17:34 of 2nd period - Stopped by Marty Turco without a rebound.
17:35 of 2nd period - Mike Comrie wins face-off versus Derick Brassard in Avalanche zone.
17:35 of 2nd period - Mike Comrie is hit by Niclas Bergfors.
18:05 of 2nd period - Slapshot by Tomas Kopecky.
18:05 of 2nd period - Shot Misses the Net.
18:07 of 2nd period - Slapshot by Tyler Sloan.
18:07 of 2nd period - Stopped by Marty Turco with a rebound.
18:25 of 2nd period - Wrist shot by Corey Perry.
18:25 of 2nd period - Shot Misses the Net.
18:27 of 2nd period - Snap shot by Ryan Smyth.
18:27 of 2nd period - Stopped by Nikolai Khabibulin without a rebound.
18:28 of 2nd period - Jason Allison wins face-off versus Derick Brassard in Sabres zone.
18:29 of 2nd period - Slapshot by Corey Perry.
18:29 of 2nd period - Shot Misses the Net.
18:53 of 2nd period - Ole-Kristian Tollefsen is hit by Dave Tanabe and loses puck.
19:00 of 2nd period - Slapshot by Nathan Dempsey.
19:00 of 2nd period - Shot Misses the Net.
19:14 of 2nd period - Slapshot by Nathan Dempsey.
19:14 of 2nd period - Deflect By James Neal.
19:14 of 2nd period - Stopped by Marty Turco with a rebound.
19:45 of 2nd period - Icing by Nathan Dempsey.
19:46 of 2nd period - Mike Comrie wins face-off versus Derick Brassard in Sabres zone.
19:54 of 2nd period - Off-side.
19:55 of 2nd period - Jiri Hudler wins face-off versus Mike Comrie in neutral zone.
Goals for this period are 1 for Sabres vs 2 for Avalanche.
Shots for this period are 12 for Sabres vs 10 for Avalanche.
3rd period
0:01 of 3rd period - Michael Rupp wins face-off versus Ryan Hollweg in neutral zone.
0:06 of 3rd period - Snap shot by Mike Comrie.
0:06 of 3rd period - Stopped by Nikolai Khabibulin with a rebound.
0:08 of 3rd period - Slapshot by Mike Comrie.
0:08 of 3rd period - Stopped by Nikolai Khabibulin with a rebound.
0:55 of 3rd period - Slapshot by Andrew Ladd.
0:55 of 3rd period - Deflect By James Neal.
0:55 of 3rd period - Shot Misses the Net.
0:55 of 3rd period - Puck is out of play.
0:56 of 3rd period - Jason Allison wins face-off versus Niclas Bergfors in Sabres zone.
2:18 of 3rd period - Slapshot by Brian Campbell.
2:18 of 3rd period - Shot Misses the Net.
2:20 of 3rd period - Snap shot by Brian Campbell.
2:20 of 3rd period - Stopped by Nikolai Khabibulin without a rebound.
2:21 of 3rd period - Maxim Talbot wins face-off versus Jiri Hudler in Sabres zone.
2:32 of 3rd period - Snap shot by Steve Downie.
2:32 of 3rd period - Goal by Steve Downie - Sabres : 2 - Avalanche : 3.
2:33 of 3rd period - Derick Brassard wins face-off versus Mike Comrie in neutral zone.
3:08 of 3rd period - Slapshot by Ole-Kristian Tollefsen.
3:08 of 3rd period - Stopped by Marty Turco without a rebound.
3:09 of 3rd period - Jason Allison wins face-off versus Jiri Hudler in Avalanche zone.
3:20 of 3rd period - Backhand shot by Jason Allison.
3:20 of 3rd period - Shot Blocked by Kyle Calder.
3:36 of 3rd period - Tomas Kopecky is hit by Michael Rupp and loses puck.
4:23 of 3rd period - Snap shot by Corey Perry.
4:23 of 3rd period - Shot Misses the Net.
4:39 of 3rd period - Wrist shot by Chuck Kobasew.
4:39 of 3rd period - Stopped by Nikolai Khabibulin without a rebound.
4:40 of 3rd period - Mats Sundin wins face-off versus Michael Rupp in Sabres zone.
4:40 of 3rd period - Mats Sundin is hit by Dustin Byfuglien.
4:43 of 3rd period - Minor Penalty to Mats Sundin for Roughing.
4:44 of 3rd period - Jason Allison wins face-off versus Ryan Hollweg in Sabres zone.
4:46 of 3rd period - Slapshot by Drew Doughty.
4:46 of 3rd period - Stopped by Nikolai Khabibulin with a rebound.
4:48 of 3rd period - Slapshot by Dave Tanabe.
4:48 of 3rd period - Shot Misses the Net.
4:50 of 3rd period - Wrist shot by Drew Doughty.
4:50 of 3rd period - Avalanche goal is going for a video replay.
4:50 of 3rd period - The goal is good.
4:50 of 3rd period - Goal by Drew Doughty - Sabres : 2 - Avalanche : 4.
4:51 of 3rd period - Derick Brassard wins face-off versus Michael Rupp in neutral zone.
5:16 of 3rd period - Marc Staal is hit by Joni Pitkanen and loses puck.
6:22 of 3rd period - Slapshot by Marc Staal.
6:22 of 3rd period - Shot Misses the Net.
6:24 of 3rd period - Slapshot by Drew Doughty.
6:24 of 3rd period - Shot Misses the Net.
6:26 of 3rd period - Snap shot by Maxim Talbot.
6:26 of 3rd period - Stopped by Nikolai Khabibulin with a rebound.
6:53 of 3rd period - Jason Allison is hit by Mats Sundin and loses puck.
7:12 of 3rd period - Tyler Sloan is hit by Mike Comrie and loses puck.
7:41 of 3rd period - Slapshot by Brian Campbell.
7:41 of 3rd period - Shot Blocked by Joni Pitkanen.
7:57 of 3rd period - Slapshot by Andrew Ladd.
7:57 of 3rd period - Stopped by Nikolai Khabibulin with a rebound.
8:03 of 3rd period - Snap shot by Maxim Talbot.
8:03 of 3rd period - Shot Misses the Net.
8:05 of 3rd period - Slapshot by Maxim Talbot.
8:05 of 3rd period - Stopped by Nikolai Khabibulin with a rebound.
8:14 of 3rd period - Ole-Kristian Tollefsen is hit by Jason Allison and loses puck.
9:40 of 3rd period - Snap shot by Dave Tanabe.
9:40 of 3rd period - Stopped by Nikolai Khabibulin with a rebound.
9:52 of 3rd period - Slapshot by Dustin Byfuglien.
9:52 of 3rd period - Stopped by Nikolai Khabibulin without a rebound.
9:53 of 3rd period - Jason Allison wins face-off versus Derick Brassard in Sabres zone.
10:00 of 3rd period - Wrist shot by Corey Perry.
10:00 of 3rd period - Shot Blocked by Michael Kostka.
10:02 of 3rd period - Snap shot by Ryan Smyth.
10:02 of 3rd period - Stopped by Nikolai Khabibulin with a rebound.
10:04 of 3rd period - Snap shot by Corey Perry.
10:04 of 3rd period - Stopped by Nikolai Khabibulin without a rebound.
10:05 of 3rd period - Mike Comrie wins face-off versus Mats Sundin in Sabres zone.
10:29 of 3rd period - Icing by Marc Staal.
10:30 of 3rd period - Steve Downie wins face-off versus Jason Allison in Avalanche zone.
10:35 of 3rd period - Snap shot by Kyle Calder.
10:35 of 3rd period - Goal by Kyle Calder - Sabres : 3 - Avalanche : 4.
10:36 of 3rd period - Derick Brassard wins face-off versus Jason Allison in neutral zone.
11:03 of 3rd period - Michael Rupp is hit by Jiri Hudler and loses puck.
11:24 of 3rd period - Slapshot by James Neal.
11:24 of 3rd period - Goal by James Neal - Sabres : 4 - Avalanche : 4.
11:25 of 3rd period - Ryan Smyth wins face-off versus Derick Brassard in neutral zone.
11:28 of 3rd period - Wrist shot by Brian Campbell.
11:28 of 3rd period - Shot Misses the Net.
11:30 of 3rd period - Wrist shot by Corey Perry.
11:30 of 3rd period - Shot Misses the Net.
11:38 of 3rd period - Ryan Hollweg is hit by Ryan Smyth and loses puck.
12:04 of 3rd period - Wrist shot by Steve Downie.
12:04 of 3rd period - Shot Misses the Net.
12:07 of 3rd period - Icing by Andrew Ladd.
12:08 of 3rd period - Derick Brassard wins face-off versus Maxim Talbot in Avalanche zone.
12:18 of 3rd period - Off-side.
12:19 of 3rd period - Jason Allison wins face-off versus Ryan Hollweg in neutral zone.
12:46 of 3rd period - Michael Rupp is hit by Kyle Calder and loses puck.
13:12 of 3rd period - Bryan Little is hit by Mats Sundin and loses puck.
13:50 of 3rd period - Wrist shot by Derick Brassard.
13:50 of 3rd period - Shot Misses the Net.
13:52 of 3rd period - Backhand shot by Jiri Hudler.
13:52 of 3rd period - Stopped by Marty Turco with a rebound.
13:54 of 3rd period - Slapshot by Ole-Kristian Tollefsen.
13:54 of 3rd period - Deflect By Dave Tanabe.
13:54 of 3rd period - Stopped by Marty Turco without a rebound.
13:55 of 3rd period - Jiri Hudler wins face-off versus Jason Allison in Avalanche zone.
14:00 of 3rd period - Snap shot by Jiri Hudler.
14:00 of 3rd period - Shot Misses the Net.
14:02 of 3rd period - Snap shot by Kyle Calder.
14:02 of 3rd period - Stopped by Marty Turco with a rebound.
14:04 of 3rd period - Slapshot by Nathan Dempsey.
14:04 of 3rd period - Shot Blocked by Brian Campbell.
14:06 of 3rd period - Slapshot by Nathan Dempsey.
14:06 of 3rd period - Stopped by Marty Turco with a rebound.
14:08 of 3rd period - Slapshot by Jiri Hudler.
14:08 of 3rd period - Goal by Jiri Hudler - Sabres : 5 - Avalanche : 4.
14:09 of 3rd period - Mike Comrie wins face-off versus Derick Brassard in neutral zone.
14:15 of 3rd period - Icing by Nathan Dempsey.
14:16 of 3rd period - Mike Comrie wins face-off versus Ryan Hollweg in Sabres zone.
14:31 of 3rd period - Snap shot by Ryan Hollweg.
14:31 of 3rd period - Deflect By Derick Brassard.
14:31 of 3rd period - Stopped by Marty Turco without a rebound.
14:32 of 3rd period - Jiri Hudler wins face-off versus Jason Allison in Avalanche zone.
14:37 of 3rd period - Snap shot by Jiri Hudler.
14:37 of 3rd period - Shot Blocked by Jason Allison.
14:40 of 3rd period - Icing by Drew Doughty.
14:41 of 3rd period - Jason Allison wins face-off versus Kyle Calder in Avalanche zone.
14:41 of 3rd period - Jason Allison is hit by Steve Downie.
15:46 of 3rd period - Minor Penalty to Ole-Kristian Tollefsen for Slashing.
15:47 of 3rd period - Ryan Hollweg wins face-off versus Mike Comrie in Sabres zone.
15:55 of 3rd period - Snap shot by Niclas Bergfors.
15:55 of 3rd period - Goal by Niclas Bergfors - Sabres : 6 - Avalanche : 4.
15:56 of 3rd period - Mike Comrie wins face-off versus Ryan Hollweg in neutral zone.
17:46 of 3rd period - Penalty to Ole-Kristian Tollefsen is over, Ole-Kristian Tollefsen is back on ice.
18:33 of 3rd period - Slapshot by Jack Johnson.
18:33 of 3rd period - Stopped by Nikolai Khabibulin with a rebound.
18:35 of 3rd period - Slapshot by Maxim Talbot.
18:35 of 3rd period - Stopped by Nikolai Khabibulin with a rebound.
18:43 of 3rd period - Snap shot by Andrew Ladd.
18:43 of 3rd period - Stopped by Nikolai Khabibulin without a rebound.
18:44 of 3rd period - Dustin Byfuglien wins face-off versus Mats Sundin in Sabres zone.
18:45 of 3rd period - Snap shot by Mike Comrie.
18:45 of 3rd period - Shot Misses the Net.
18:51 of 3rd period - Wrist shot by Tomas Kopecky.
18:51 of 3rd period - Shot Misses the Net.
18:53 of 3rd period - Wrist shot by James Neal.
18:53 of 3rd period - Deflect By Tomas Kopecky.
18:53 of 3rd period - Stopped by Marty Turco with a rebound.
18:55 of 3rd period - Slapshot by Tyler Sloan.
18:55 of 3rd period - Stopped by Marty Turco without a rebound.
18:56 of 3rd period - Bryan Little wins face-off versus Niclas Bergfors in Avalanche zone.
18:56 of 3rd period - Bryan Little is hit by Ryan Hollweg.
19:06 of 3rd period - Snap shot by Jack Johnson.
19:06 of 3rd period - Deflect By Tyler Sloan.
19:06 of 3rd period - Stopped by Nikolai Khabibulin with a rebound.
19:12 of 3rd period - Ryan Hollweg is hit by Rostislav Olesz and loses puck.
Goals for this period are 5 for Sabres vs 1 for Avalanche.
Shots for this period are 13 for Sabres vs 17 for Avalanche.
Output by the SimonT Hockey Simulator (STHS) for François Prévost -- Original Page W3C XHTML 1.0 Valid